 Dungeon Crawl Stone Soup version 0.27-a0-1136-g0b992a5a9d (webtiles) character file.

Game seed: 2005512479875917147

4643 robertstho the Carver (level 10, -4/80 HPs)
             Began as a Demonspawn Berserker on May 5, 2021.
             Was an Elder of Trog.
             Killed by divine providence
             ... invoked by a meliai
              (10 damage)
             ... on level 9 of the Dungeon.
             The game lasted 00:10:53 (7631 turns).

robertstho the Carver (Demonspawn Berserker)        Turns: 7631, Time: 00:10:54

Health: -4/80      AC: 13    Str: 20    XL:     10   Next: 20%
Magic:  0/10       EV:  9    Int: 10    God:    Trog [****..]
Gold:   285        SH:  3    Dex: 12    Spells: 9/9 levels left

rFire    . . .     SeeInvis .   x - +1 scimitar (flame)
rCold    . . .     Faith    .   y - +0 buckler
rNeg     . . .     Spirit   +   e - +0 plate armour
rPois    +         Reflect  .   (no helmet)
rElec    .         Harm     .   (no cloak)
rCorr    .         Rampage  .   (no gloves)
Will     +++..                  (no boots)
Stlth    ..........             p - amulet of guardian spirit
HPRegen  1.23/turn              d - ring of willpower
MPRegen  0.24/turn              v - ring of poison resistance

@: about to teleport, strong-willed, on berserk cooldown, regenerating, slowed,
very slow
A: claws 2, demonic guardian 3, magic regeneration, sturdy frame 2
a: Renounce Religion, Berserk, Trog's Hand, Brothers in Arms


You were on level 9 of the Dungeon.
You worshipped Trog.
Trog was greatly pleased with you.
You visited 1 branch of the dungeon, and saw 9 of its levels.

You collected 285 gold pieces.

Inventory:

Hand Weapons
 x - a +1 scimitar of flaming (weapon)
Missiles
 m - 2 throwing nets
 B - 6 curare-tipped darts
Armour
 e - a +0 plate armour (worn)
 y - a +0 buckler (worn)
Jewellery
 a - a ring of fire
 d - a ring of willpower (left claw)
 p - an amulet of guardian spirit (around neck)
 q - a ring of willpower
 u - a ring of ice
 v - a ring of poison resistance (right claw)
Wands
 h - a wand of digging (8)
 w - a wand of flame (1)
 A - a wand of acid (13)
Scrolls
 c - a scroll of teleportation
 r - a scroll of magic mapping {unknown}
 C - a scroll of immolation {unknown}
 D - a scroll of enchant armour {unknown}
Potions
 b - 3 potions of degeneration {unknown}
 f - a potion of haste {unknown}
 g - a potion of attraction {unknown}
 i - a potion of berserk rage {unknown}
 j - a potion of curing
 k - 3 potions of mutation {unknown}
 l - a potion of heal wounds {unknown}
 n - a potion of lignification {unknown}
 o - a potion of flight {unknown}
 s - a potion of ambrosia {unknown}
 t - 2 potions of invisibility {unknown}
 z - a potion of resistance {unknown}


   Skills:
 * Level 7.8 Fighting
 + Level 8.6 Long Blades
 * Level 8.4 Armour
 + Level 3.5 Dodging
 + Level 0.5 Stealth
 + Level 0.7 Shields
 + Level 0.5 Evocations


You had 9 spell levels left.
You didn't know any spells.
Your spell library was empty.

Dungeon Overview and Level Annotations

Branches:
Dungeon (10/15)            Temple (0/1) D:6
   Lair: D:8-11         Orc: D:9-12

Altars:
Gozag

Shops:
D:6 *[


Innate Abilities, Weirdness & Mutations

You have very sharp fingernails.
A powerful demonic guardian rushes to your aid.
You regenerate magic rapidly.
Your movements are less encumbered by armour. (ER -4)


Message History

The green ugly thing poisons you!
The centaur warrior shoots an arrow.
The arrow hits you!
* * * LOW HITPOINT WARNING * * *
A demonic guardian appears!
The green ugly thing misses you.
It was a potion of curing.
You feel better.
The centaur warrior shoots an arrow.
The arrow closely misses your sixfirhy. The arrow misses you.
A meliai comes into view. It is wielding a +0 hand axe.
The centaur warrior shoots an arrow.
The arrow misses your sixfirhy. The arrow hits you!
* * * LOW HITPOINT WARNING * * *
The green ugly thing bites you.
* * * LOW HITPOINT WARNING * * *
You feel better.
Your sixfirhy hits the centaur warrior!
Your sixfirhy shocks the centaur warrior!
Your sixfirhy hits the centaur warrior!
Your sixfirhy shocks the centaur warrior!
Your sixfirhy hits the centaur warrior.
Your sixfirhy shocks the centaur warrior!
Your sixfirhy completely misses the centaur warrior.
The centaur warrior unwields a +0 longbow.
The centaur warrior barely misses your sixfirhy.
The centaur warrior kicks your sixfirhy but does no damage.
Your sixfirhy hits the centaur warrior!
The centaur warrior dies!
Trog accepts your kill.
The green ugly thing completely misses you.
Your sixfirhy hits the green ugly thing.
Your sixfirhy shocks the green ugly thing!
The green ugly thing bites you.
* * * LOW HITPOINT WARNING * * *
As you read the scroll of teleportation, it crumbles to dust.
You feel strangely unstable.
Your sixfirhy hits the green ugly thing.
Your sixfirhy shocks the green ugly thing!
Your sixfirhy hits the green ugly thing!
Your sixfirhy shocks the green ugly thing!
The meliai invokes the aid of its god against you.
Something smites you!
You die...

#..# #..# #..# S...... #..#
....... ..#####..## .......
.#...Zy#..# .......
.....zu3..# .....
#####@)†##... ####
###...####)#.##+### ...#
.........##........ ...#
................... ...#
............#...... ...#
............#......
##.#############.....#......
.#..........................
.'..........................


You could see a green ugly thing (ally target), a meliai, a wight, a killer bee
zombie and a friendly sixfirhy (summoned).

Vanquished Creatures
  A cyclops (D:6)
  Maggie (D:6)
  Grinder (D:5)
  Sigmund (D:5)
  Eustachio (D:6)
  A steam dragon (D:9)
  Edmund (D:4)
  Duvessa (D:6)
  A water moccasin (D:9)
  2 orc warriors (D:9)
  A black bear (D:5)
  3 ogres (D:6)
  A sky beast (D:5)
  2 centaurs
  A necrophage (D:5)
  A phantom (D:3)
  3 kobold brigands
  A bullfrog (D:7)
  A wyvern zombie (D:5)
  A scorpion (D:6)
  A water moccasin skeleton (D:6)
  2 killer bees (D:9)
  5 wights (D:10)
  4 howler monkeys
  3 jellies
  2 centaur skeletons
  A bullfrog zombie (D:6)
  A hound (D:5)
  3 orc priests
  A bullfrog skeleton (D:5)
  An iguana (D:7)
  8 orc wizards
  A killer bee zombie (D:9)
  A howler monkey zombie (D:5)
  A howler monkey skeleton (D:7)
  A gnoll (D:1)
  4 adders (D:2)
  An ufetubus (D:4)
  A worm (D:2)
  2 dart slugs
  15 orcs
  5 endoplasms
  3 giant cockroaches
  A goblin (D:2)
  4 hobgoblins
  8 jackals
  3 quokkas
  8 ball pythons
  4 bats
  2 frilled lizards
  13 kobolds
  3 rats
139 creatures vanquished.

Vanquished Creatures (collateral kills)
  A centaur warrior (D:9)
  An orc warrior (D:5)
  Dowan (D:6)
  A centaur skeleton (D:7)
  An orc wizard (D:5)
  An adder (D:6)
  A worm (D:5)
  An orc (D:6)
  A quokka (D:5)
9 creatures vanquished.

Grand Total: 148 creatures vanquished

Notes
Turn   | Place    | Note
-------+----------+-------------------------------------------
     0 | D:1      | robertstho the Demonspawn Berserker began the quest for the
                  | Orb.
     0 | D:1      | Reached XP level 1. HP: 18/18 MP: 1/1
   170 | D:1      | Gained mutation: Your movements are slightly less
                  | encumbered by armour. (ER -2) [demonic ancestry]
   170 | D:1      | Reached XP level 2. HP: 6/24 MP: 2/2
  1234 | D:2      | Gained mutation: You regenerate magic rapidly. [demonic
                  | ancestry]
  1234 | D:2      | Reached XP level 3. HP: 30/30 MP: 3/3
  1594 | D:2      | Reached ** piety under Trog
  1595 | D:2      | Gained mutation: You have sharp fingernails. [demonic
                  | ancestry]
  1595 | D:2      | Reached XP level 4. HP: 31/37 MP: 4/4
  1905 | D:2      | Found a faded altar of an unknown god.
  2457 | D:3      | Noticed a phantom
  2472 | D:3      | Killed a phantom
  2473 | D:3      | Gained mutation: A weak demonic guardian rushes to your
                  | aid. [demonic ancestry]
  2473 | D:3      | Reached XP level 5. HP: 23/42 MP: 5/5
  3660 | D:4      | Noticed Edmund
  3675 | D:4      | Killed Edmund
  3676 | D:4      | Reached XP level 6. HP: 26/49 MP: 6/6
  4263 | D:5      | Entered Level 5 of the Dungeon
  4265 | D:5      | Noticed Grinder
  4268 | D:5      | Noticed Sigmund
  4547 | D:5      | Killed Sigmund
  4548 | D:5      | Reached skill level 5 in Long Blades
  4548 | D:5      | Gained mutation: Your movements are less encumbered by
                  | armour. (ER -4) [demonic ancestry]
  4548 | D:5      | Reached XP level 7. HP: 55/55 MP: 7/7
  4552 | D:5      | Reached skill level 5 in Fighting
  4636 | D:5      | Reached skill level 5 in Armour
  4729 | D:5      | Paralysed by Grinder for 4 turns
  4750 | D:5      | Killed Grinder
  4751 | D:5      | Gained mutation: A demonic guardian rushes to your aid.
                  | [demonic ancestry]
  4751 | D:5      | Reached XP level 8. HP: 38/63 MP: 8/8
  4968 | D:5      | Found an opulent altar of Gozag.
  5020 | D:5      | Reached *** piety under Trog
  5307 | D:6      | Found Ditopt's Elemental Accessories.
  5388 | D:6      | Noticed Eustachio
  5411 | D:6      | Killed Eustachio
  5623 | D:6      | Noticed Duvessa
  5624 | D:6      | Noticed Dowan
  5634 | D:6      | Killed Duvessa
  5641 | D:6      | Killed Dowan
  5960 | D:6      | Gained mutation: You have very sharp fingernails. [demonic
                  | ancestry]
  5960 | D:6      | Reached XP level 9. HP: 65/71 MP: 6/9
  6010 | D:6      | Noticed Maggie
  6022 | D:6      | Killed Maggie
  6147 | D:6      | Found Ydillej's Armour Boutique.
  6221 | D:6      | Noticed a cyclops
  6232 | D:6      | Killed a cyclops
  6758 | D:6      | Found a staircase to the Ecumenical Temple.
  7185 | D:7      | You fall into a shaft and drop 3 floors!
  7185 | D:10     | Entered Level 10 of the Dungeon
  7188 | D:10     | Reached **** piety under Trog
  7472 | D:9      | Gained mutation: A powerful demonic guardian rushes to your
                  | aid. [demonic ancestry]
  7472 | D:9      | Reached XP level 10. HP: 67/79 MP: 8/10
  7618 | D:9      | Identified the amulet "Ymuits" {RegenMP Rampage rF+ Str+4}
  7618 | D:9      | Noticed a centaur warrior
  7619 | D:9      | Noticed a green ugly thing
  7629 | D:9      | HP: 4/80 [centaur warrior/arrow (13)]
  7629 | D:9      | HP: 1/80 [green ugly thing (3)]
  7630 | D:9      | Killed a centaur warrior
  7631 | D:9      | Killed from afar by a meliai

Illustrated notes

Levels and vault maps discovered:
D:1:      dpeg_arrival_signposts, layout_loops_cross
D:2:      layout_rooms, basic_ecumenical_altar
D:3:      layout_loops_ring
D:4:      layout_basic, uniq_edmund
D:5:      layout_gridville, lemuel_crystal_altar, minmay_misc_feat_iff,
          hangedman_decor_clover_reticule, uniq_grinder, uniq_sigmund
D:6:      layout_rooms, minmay_temple_entry_junction, serial_shops, shop,
          nicolae_elemental_shop, nrook_uturn, uniq_eustachio, uniq_duvessa,
          uniq_maggie
D:7:      layout_cave_pools
D:9:      layout_grid_maze, minmay_pinched_square
D:10:     layout_big_octagon, small_statue_intersection,
          hangedman_tell_no_tales, uniq_gastronok

Skill      XL: |  1  2  3  4  5  6  7  8  9 |
---------------+----------------------------+-----
Armour         | 2 3 4 5 6 8 |  8.4
Long Blades    | 3 4 5 6 8 |  8.6
Fighting       | 4 5 6 7 |  7.8
Dodging        | 2 3 |  3.5
Stealth        | |  0.5
Shields        | |  0.7
Evocations     | |  0.5

Action                   |  1- 3 |  4- 6 |  7- 9 | 10-12 || total
-------------------------+-------+-------+-------+-------++-------
Melee: Falchion          |   106 |   150 |       |       ||   256
       Long sword        |       |    25 |    65 |       ||    90
       Scimitar          |       |       |   204 |    20 ||   224
Invok: Berserk           |     5 |     3 |    13 |     1 ||    22
       Trog's Hand       |       |       |     1 |     1 ||     2
Evoke: Wand              |       |       |     4 |       ||     4
  Use: Scroll            |     1 |     3 |     4 |     1 ||     9
       Potion            |       |       |       |     2 ||     2
Armor: Plate armour      |    57 |   125 |   255 |     9 ||   446
       Animal skin       |     2 |       |       |       ||     2
Dodge: Dodged            |    39 |    68 |   136 |    19 ||   262
Block: Buckler           |       |       |    12 |     6 ||    18
       Rpst.: Falchion   |    14 |    16 |       |       ||    30
       Long sword        |       |     3 |    10 |       ||    13
       Scimitar          |       |       |    35 |     6 ||    41

Table legend: (Time is in decaauts)
 A = Elapsed time spent in this place.
 B = Non-inter-level travel time spent in this place.
 C = Inter-level travel time spent in this place.
 D = Time resting spent in this place.
 E = Time spent auto-exploring this place.
 F = Levels seen in this place.
 G = Mean time per level.
                   A        B        C        D        E       F      G
               +--------+--------+--------+--------+--------+-----+--------+
         Total |   7836 |   7347 |    489 |    834 |   5392 |   9 |  870.7 |
       Dungeon |   7836 |   7347 |    489 |    834 |   5392 |   9 |  870.7 |
               +--------+--------+--------+--------+--------+-----+--------+

Top non-repeatable levels by time:
     D:4: 1499 daAuts
     D:6: 1476 daAuts
     D:1: 1240 daAuts
     D:5: 1184 daAuts
     D:2: 911 daAuts
     D:3: 883 daAuts
     D:9: 438 daAuts
     D:7: 178 daAuts
    D:10: 22 daAuts
